 Dungeon Crawl Stone Soup version 0.20.0-15-g7f486f2 (webtiles) character file.

95 Chaoticas the Chiller (level 4, -1/30 HPs)
             Began as a Barachi Ice Elementalist on June 29, 2017.
             Slain by Grinder (4 damage)
             ... on level 3 of the Dungeon.
             The game lasted 00:09:43 (2643 turns).

Chaoticas the Chiller (Barachi Ice Elementalist)    Turns: 2643, Time: 00:09:43

Health: -1/30      AC:  6    Str: 10    XL:     4   Next: 66%
Magic:  16/17      EV: 12    Int: 16    God:
Gold:   56         SH:  0    Dex: 12    Spells: 3/9 levels left

rFire    . . .     SeeInvis .   o - +0 war axe
rCold    . . .     Gourm    .   (no shield)
rNeg     . . .     Faith    .   d - +0 leather armour
rPois    .         Spirit   .   k - +2 helmet
rElec    .         Reflect  .   (no cloak)
rCorr    .         Harm     .   (no gloves)
MR       .....                  (no boots)
Stlth    ++........             (no amulet)
Regen    0.1/turn               l - ring of magical power
MPRegen  0.2/turn               (no ring)

@: flying, very slightly contaminated, slow
A: +LOS, swims, slowness 1, strong legs 1
a: Hop


You were on level 3 of the Dungeon.
You were not hungry.

You visited 1 branch of the dungeon, and saw 3 of its levels.

You collected 56 gold pieces.

Inventory:

Hand Weapons
 e - a +0 spear
   (You found it on level 1 of the Dungeon)
 g - a +0 hunting sling
   (You found it on level 2 of the Dungeon)
 i - a +2 short sword of holy wrath
   (You took it off a kobold on level 1 of the Dungeon)
 o - a +0 war axe (weapon)
   (You found it on level 3 of the Dungeon)
Missiles
 f - 18 stones (quivered)
Armour
 a - a +0 robe
 d - a +0 leather armour (worn)
   (You found it on level 1 of the Dungeon)
 j - a +0 ring mail
   (You found it on level 1 of the Dungeon)
 k - a +2 helmet (worn)
   (You found it on level 3 of the Dungeon)
Jewellery
 l - a ring of magical power (left hand)
   (You found it on level 2 of the Dungeon)
Scrolls
 n - 2 scrolls of identify {unknown}
 q - 2 scrolls of fog
 r - a scroll of enchant armour {unknown}
Potions
 p - a potion of resistance {unknown}
 s - a potion of agility {unknown}
Books
 b - a book of Frost

   Spells                             Type                      Level
   a - Freeze                         Ice                          1
   b - Throw Frost                    Conjuration/Ice              2
   c - Ozocubu's Armour               Charms/Ice                   3
   d - Throw Icicle                   Conjuration/Ice              4
   e - Summon Ice Beast               Ice/Summoning                4
Comestibles
 c - a chunk of flesh
 h - a meat ration


   Skills:
 - Level 2.1 Dodging
 - Level 1.7 Stealth
 + Level 3.0 Spellcasting
 * Level 2.0 Conjurations
 * Level 5.4 Ice Magic


You had 3 spell levels left.
You knew the following spells:

 Your Spells              Type           Power        Failure   Level  Hunger
a - Freeze                Ice            ###.         2%          1    #......
b - Throw Frost           Conj/Ice       ##....       9%          2    ##.....
c - Ozocubu's Armour      Chrm/Ice       ##......     26%         3    ###....


Dungeon Overview and Level Annotations

Branches:
Dungeon (3/15)

Altars:

Annotations:
D:2 Sigmund
D:3 Grinder


Innate Abilities, Weirdness & Mutations

Shadows flee at your approach. (+LOS)
You can swim through water.
You cover ground slowly.
You can hop short distances.


Message History

You see here a chunk of flesh.
c - a chunk of flesh
Casting: Throw Frost
Confirm with . or Enter, or press ? or * to list all spells.
Okay, then.
Press: ? - help, v - describe, . - travel
Here: Grinder The floor.
Casting: Throw Frost
Confirm with . or Enter, or press ? or * to list all spells.
You miscast Ozocubu's Armour.
You are very lightly contaminated with residual magic.
Your skin glows momentarily.
Grinder hits you!
You writhe in agony.
You hit Grinder.
Grinder is lightly wounded.
Grinder gestures at you. Pain shoots through your body!
You slash Grinder!
Grinder is heavily wounded.
Grinder hits you.
* * * LOW HITPOINT WARNING * * *
You writhe in agony.
* * * LOW HITPOINT WARNING * * *
Grinder says, "Don't move a muscle."
Grinder barely misses you.
It was a potion of flight.
You feel very buoyant.
You fly up into the air.
Grinder gestures at you.
You suddenly lose the ability to move!
Grinder barely misses you. Grinder hits you but does no damage.
You can move again.
Found 19 poisoned needles.
A quokka comes into view.
As you read the scroll of fog, it crumbles to dust.
The scroll dissolves into smoke.
Grinder closely misses you.
You hit the quokka.
The quokka is moderately wounded.
You hit Grinder but do no damage. The quokka closely misses you.
Grinder hits you but does no damage. The quokka barely misses you.
You hit the quokka but do no damage.
The quokka is moderately wounded.
You hit Grinder. Grinder hits you.
* * * LOW HITPOINT WARNING * * *
You writhe in agony.
* * * LOW HITPOINT WARNING * * *
The quokka bites you but does no damage.
Grinder hits you.
You die...

.......# #.# #..#
.......# #.# #..#
.......# #.# #..#
....>..####.### #..####
..............5.##.....#
............. #........#
...#.###.###....##.....#
.....#
.###.#§###§.#......
...###
......§r@5§.#.#.### #.##
.##...§###§#.###.# #.#
#... ...## #.# #.# #.#
#.#(# ## #§# # #....#
#.# #.# ..# [.# #.# .#
### #.# .# .# #


You could see Grinder and a quokka.

Vanquished Creatures
  3 adders
  2 oozes
  2 worms
  A dart slug (D:1)
  A leopard gecko (D:3)
  3 giant cockroaches
  7 goblins (D:1)
  4 hobgoblins
  A quokka (D:2)
  8 bats
  9 frilled lizards
  5 kobolds
  7 rats
53 creatures vanquished.

Notes
Turn   | Place    | Note
-------+----------+-------------------------------------------
     0 | D:1      | Chaoticas the Barachi Ice Elementalist began the quest for the Orb.
     0 | D:1      | Reached XP level 1. HP: 13/13 MP: 3/3
   165 | D:1      | Reached skill level 4 in Ice Magic
   165 | D:1      | Reached XP level 2. HP: 19/19 MP: 0/5
   334 | D:1      | Learned a level 2 spell: Throw Frost
   780 | D:1      | Reached XP level 3. HP: 24/24 MP: 6/6
  1143 | D:1      | Learned a level 3 spell: Ozocubu's Armour
  1455 | D:2      | Reached skill level 5 in Ice Magic
  1694 | D:2      | Reached XP level 4. HP: 24/30 MP: 5/8
  1909 | D:2      | Noticed Sigmund
  1926 | D:2      | HP: 15/30 [Sigmund/vampiric scythe (5)]
  1928 | D:2      | HP: 6/30 [Sigmund/magic dart (9)]
  2536 | D:3      | Reached skill level 3 in Spellcasting
  2536 | D:3      | Reached skill level 2 in Conjurations
  2628 | D:3      | Noticed Grinder
  2635 | D:3      | HP: 14/30 [Grinder (4)]
  2636 | D:3      | Paralysed by Grinder for 3 turns
  2643 | D:3      | HP: 5/30 [Grinder (4)]
  2643 | D:3      | Slain by Grinder

Skill      XL: |  1  2  3  4 |
---------------+-------------+-----
Ice Magic      | 4 5 |  5.4
Spellcasting   | 3 |  3.0
Conjurations   | 2 |  2.0
Dodging        | |  2.1
Stealth        | |  1.7

Action                   |  1- 3 |  4- 6 || total
-------------------------+-------+-------++-------
Melee: Spear             |    59 |    17 ||    76
       War axe           |       |    10 ||    10
Throw: Stone             |     1 |       ||     1
 Cast: Freeze            |    30 |     5 ||    35
       Throw Frost       |     5 |    13 ||    18
  Use: Scroll            |       |     3 ||     3
       Potion            |       |     1 ||     1
 Stab: Sleeping          |     1 |     1 ||     2
       Distracted        |     1 |       ||     1
  Eat: Chunk             |     3 |     1 ||     4
       Bread ration      |       |     1 ||     1
Armor: Robe              |    14 |     2 ||    16
       Leather armour    |       |     4 ||     4
Dodge: Dodged            |    39 |    17 ||    56
